 Dungeon Crawl Stone Soup version 0.32-a0-290-g598725c5f2 (webtiles) character file.

Game seed: 2584869679262136044

357 SpectredLuna1 the Covered (level 6, -7/56 HPs)
             Began as a Minotaur Fighter on Feb 13, 2024.
             Was an Initiate of Okawaru.
             Mangled by a gnoll
             ... wielding a +0 halberd
             ... led by a gnoll bouda
              (9 damage)
             ... on level 7 of the Dungeon.
             The game lasted 00:11:33 (965 turns).

SpectredLuna1 the Covered (Minotaur Fighter)         Turns: 965, Time: 00:11:37

Health: -7/56      AC: 11    Str: 22    XL:     6   Next: 37%
Magic:  5/5        EV:  9    Int:  5    God:    Okawaru [......]
Gold:   67         SH:  5    Dex: 10    Spells: 5/5 levels left

rFire   . . .        a - +1 war axe
rCold   . . .        c - +0 buckler
rNeg    . . .        b - +0 scale mail
rPois   .            (helmet restricted)
rElec   .            (no cloak)
rCorr   .            (no gloves)
SInv    .            (no boots)
Will    .....        (no amulet) Stlth
                     k - +4 ring of protection
HPRegen 0.29/turn    (no ring)
MPRegen 0.09/turn

%: no passive effects
@: hasted, very quick
A: horns 2, retaliatory headbutt
a: Renounce Religion


You were on level 7 of the Dungeon.
You worshipped Okawaru.
Okawaru was noncommittal.
You visited 1 branch of the dungeon, and saw 7 of its levels.
You also visited: Ossuary.

You collected 67 gold pieces.

Inventory:

Hand Weapons
 a - a +1 war axe (weapon)
 g - a +0 sling
Missiles
 f - 6 poisoned darts (quivered)
 h - 22 stones
Armour
 b - a +0 scale mail (worn)
 c - a +0 buckler (worn)
 d - a +0 helmet
Jewellery
 k - a +4 ring of protection (left hand)
Scrolls
 i - 2 scrolls of blinking {unknown}
Potions
 e - a potion of berserk rage {unknown}


   Skills:
 + Level 5.1 Fighting
 + Level 4.3 Axes
 + Level 5.8 Armour
 + Level 0.2 Dodging
 + Level 5.1 Shields


You had 5 spell levels left.
You didn't know any spells.
Your spell library was empty.

Dungeon Overview and Level Annotations

Branches:
Dungeon (7/15)            Ossuary (visited)
 Temple: D:4-7

Altars:
Ashenzari
Okawaru

Shops:
D:2 =


Innate Abilities, Weirdness & Mutations

You have a pair of horns on your head.
You reflexively headbutt those who attack you in melee.


Message History

The scorpion stings you but does no damage.
The orc hits you but does no damage. The iguana barely misses you.
The gnoll hits you but does no damage.
You miss something. Your headbutt misses something. You miss the orc.
You completely miss the iguana. You closely miss the scorpion. You hit the orc.
You miss the orc warrior. The scorpion stings you.
* * * LOW HITPOINT WARNING * * *
The orc barely misses you. The orc hits you but does no damage.
You hear some strange, mumbled words.
A magic dart appears from out of thin air!
The magic dart hits you!
* * * LOW HITPOINT WARNING * * *
A gnoll comes into view. It is wielding a +0 halberd.
The iguana bites you.
* * * LOW HITPOINT WARNING * * *
The gnoll misses you.
It was a potion of haste.
You feel yourself speed up.
The scorpion stings you but does no damage.
The orc hits you but does no damage. The orc barely misses you.
The iguana barely misses you. The gnoll hits you but does no damage.
The gnoll hits you from afar with a +0 halberd.
* * * LOW HITPOINT WARNING * * *
The scorpion closely misses you. The orc warrior barely misses you.
The orc hits you but does no damage.
You miss something. You hit the iguana but do no damage. You slash the orc!
You kill the orc!
Okawaru accepts your kill.
You barely miss the orc warrior. You barely miss the orc.
The gnoll hits you but does no damage. The orc closely misses you.
Something hits you but does no damage.
The orc warrior hits you with a +0 mace.
* * * LOW HITPOINT WARNING * * *
You miss something. You hit the orc warrior. You closely miss the orc.
You barely miss the iguana.
You feel less confused.
The gnoll bouda barks out a call to the hunt!
The gnoll picks up the pace!
You block the iguana's attack.
The gnoll hits you from afar with a +0 halberd!
You die...

##...#........###
#####..##..........$##
.)....###............#
#########..........#..
.....................
##......#..........# #
...............##
..#####........l...#
#..# ##....).oo@..#.#
#...# ##....=){oog..#
##.. #...).sgg..#.# .
#......ggg.....
............#..##.
###.#............
#....####....### #
..... ..#.. #.....
..##.


You could see an orc warrior, a gnoll bouda, a scorpion, an iguana, 5 gnolls and
3 orcs.

Vanquished Creatures
  An ogre (D:4)
  A scorpion (D:7)
  An orc priest (D:7)
  A gnoll bouda (D:7)
  A hound (D:4)
  An iguana (D:5)
  An adder (D:4)
  4 gnolls (D:7)
  4 orcs (D:7)
  A bat (D:2)
  An endoplasm (D:4)
  3 giant cockroaches
  3 hobgoblins
  A quokka (D:4)
  3 frilled lizards
  3 kobolds
30 creatures vanquished.

Notes
Turn   | Place    | Note
-------+----------+-------------------------------------------
     0 | D:1      | SpectredLuna1 the Minotaur Fighter began the quest for the
                  | Orb.
     0 | D:1      | Reached XP level 1. HP: 19/19 MP: 0/0
   194 | D:1      | Reached XP level 2. HP: 23/27 MP: 1/1
   388 | D:2      | Found Sauwo Goetui's Jewellery Boutique.
   490 | D:4      | Noticed an ogre
   498 | D:4      | Killed an ogre
   499 | D:4      | Reached XP level 3. HP: 19/34 MP: 2/2
   499 | D:4      | Reached XP level 4. HP: 23/41 MP: 3/3
   522 | D:4      | Found an iron altar of Okawaru.
   527 | D:4      | Became a worshipper of Warmaster Okawaru
   553 | D:4      | Reached XP level 5. HP: 42/47 MP: 4/4
   653 | D:4      | Found a sand-covered staircase.
   679 | Ossuary  | Entered an ossuary
   755 | D:5      | Entered Level 5 of the Dungeon
   767 | D:5      | Reached skill level 5 in Armour
   796 | D:5      | Found a broken altar of Ashenzari.
   897 | D:7      | Reached skill level 5 in Shields
   937 | D:7      | Reached skill level 5 in Fighting
   937 | D:7      | Reached XP level 6. HP: 51/56 MP: 5/5
   950 | D:7      | Noticed an orc warrior
   964 | D:7      | HP: 2/56 [orc warrior/+0 mace (2)]
   965 | D:7      | Mangled by a gnoll

Illustrated notes

Levels and vault maps discovered:
D:1:      dpeg_arrival_rooms_with_view, layout_basic, minmay_box_of_dots
D:2:      layout_loops_ring, serial_shops, nicolae_shop_tiny_real_fake_doors
D:3:      layout_rooms, serial_shops, shop, corexii_leaking_fountain, uniq_robin
D:4:      layout_cave_pools, mainiacjoe_overflow_24_doors,
          nicolae_ossuary_entry_monument, minmay_snake_closets
D:5:      layout_basic, mainiacjoe_overflow_tiny_flanked,
          minmay_temple_entry_water_ring, ebering_ghost_sewer_d, serial_rivers,
          chequers_serial_rivers_micro_a, chequers_serial_rivers_small_3,
          chequers_serial_rivers_small_a, chequers_serial_rivers_micro_e
D:6:      layout_basic, mainiacjoe_overflow_small_starburst,
          mainiacjoe_overflow_cross_hatched, dk_noncrumbling_4
D:7:      layout_rooms, serial_shops, nicolae_shop_stone, grunt_ministairs_3,
          uniq_prince_ribbit1

Skill      XL: |  1  2  3  4  5 |
---------------+----------------+-----
Fighting       | 4 5 |  5.1
Shields        | 4 5 |  5.1
Armour         | 4 5 |  5.8
Axes           | 3 4 |  4.3
Dodging        | |  0.2

Action                     |  1- 3 |  4- 6 || total
---------------------------+-------+-------++-------
  Melee: War axe           |    34 |    32 ||    66
         Headbutt          |     6 |     6 ||    12
    Use: Scroll            |     2 |       ||     2
         Potion            |       |     2 ||     2
 Armour: Scale mail        |    29 |    47 ||    76
  Dodge: Dodged            |    19 |    26 ||    45
  Block: Buckler           |    10 |     7 ||    17

Table legend: (Time is in decaauts)
 A = Elapsed time spent in this place.
 B = Non-inter-level travel time spent in this place.
 C = Inter-level travel time spent in this place.
 D = Time resting spent in this place.
 E = Time spent auto-exploring this place.
 F = Levels seen in this place.
 G = Mean time per level.
                   A        B        C        D        E       F      G
               +--------+--------+--------+--------+--------+-----+--------+
         Total |    988 |    988 |      0 |     10 |     11 |   8 |  123.5 |
       Dungeon |    985 |    985 |      0 |     10 |     11 |   7 |  140.7 |
       Ossuary |      2 |      2 |      0 |      0 |      0 |   1 |    2.0 |
               +--------+--------+--------+--------+--------+-----+--------+

Top non-repeatable levels by time:
     D:4: 304 daAuts
     D:1: 243 daAuts
     D:2: 204 daAuts
     D:7: 111 daAuts
     D:5: 85 daAuts
     D:6: 21 daAuts
     D:3: 15 daAuts
 Ossuary: 2 daAuts
